 Dungeon Crawl Stone Soup version 0.24.0-123-gd5b16e6ec5 (webtiles) character file.

Game seed: 9620229816764713449, levelgen mode: deterministic

4508 Elellon the Severer (level 10, -3/84 HPs)
             Began as a Hill Orc Fighter on Jan 16, 2020.
             Was an Elder of Okawaru.
             Slain by a two-headed ogre
             ... wielding a +0 giant spiked club
              (6 damage)
             ... on level 8 of the Dungeon.
             The game lasted 00:13:36 (9375 turns).

Elellon the Severer (Hill Orc Fighter)              Turns: 9375, Time: 00:13:37

Health: -3/84      AC: 14    Str: 23    XL:     10   Next: 39%
Magic:  8/10       EV:  9    Int:  8    God:    Okawaru [****..]
Gold:   382        SH: 15    Dex: 10    Spells: 9/9 levels left

rFire    . . .     SeeInvis .   a - +0 war axe
rCold    . . .     Gourm    .   c - +0 shield
rNeg     . . .     Faith    .   q - +0 chain mail
rPois    .         Spirit   .   (no helmet)
rElec    .         Reflect  +   z - +0 cloak
rCorr    .         Harm     .   b - +0 pair of gloves
MR       .....                  (no boots)
Stlth    ..........             D - +3 amulet of reflection
HPRegen  0.24/turn              n - ring of flight
MPRegen  0.12/turn              (no ring)

@: heroism
A: no striking features
a: Heroism, Renounce Religion, Evoke Flight


You were on level 8 of the Dungeon.
You worshipped Okawaru.
Okawaru was greatly pleased with you.
You were not hungry.

You visited 1 branch of the dungeon, and saw 8 of its levels.
You also visited: Ossuary.

You collected 382 gold pieces.

Inventory:

Hand Weapons
 a - a +0 war axe (weapon)
 C - a +2 flail of crushing
Armour
 b - a +0 pair of gloves (worn)
 c - a +0 shield (worn)
 q - a +0 chain mail (worn)
 z - a +0 cloak (worn)
Jewellery
 n - a ring of flight (left hand)
 D - a +3 amulet of reflection (around neck)
Scrolls
 e - 3 scrolls of identify
 g - 5 scrolls of remove curse
 h - 2 scrolls of teleportation {unknown}
 i - a scroll of fog {unknown}
 r - 3 scrolls of noise {unknown}
 s - a scroll of random uselessness {unknown}
 t - 2 scrolls of magic mapping {unknown}
 y - a scroll of enchant weapon {unknown}
 B - a scroll of silence {unknown}
 E - a scroll of summoning {unknown}
Potions
 d - 3 potions of might
 j - 2 potions of invisibility {unknown}
 k - a potion of magic {unknown}
 m - 3 potions of curing {unknown}
 o - 3 potions of heal wounds
 p - a potion of resistance {unknown}
 u - a potion of brilliance {unknown}
 v - a potion of agility {unknown}
 w - a potion of lignification {unknown}
 x - a potion of haste {unknown}
 A - a potion of berserk rage {unknown}
 F - a potion of degeneration {unknown}
Comestibles
 f - 17 rations


   Skills:
 + Level 6.5(11.5) Fighting
 * Level 15.6(20.6) Axes
 + Level 5.9(10.9) Armour
 + Level 5.9(10.9) Shields


You had 9 spell levels left.
You didn't know any spells.
Your spell library contained the following spells:

 Spells                   Type           Power        Failure   Level  Hunger
 Animate Skeleton         Necr           N/A          99%         1    ##.....
 Apportation              Tloc           #.....       99%         1    ##.....
 Beastly Appendage        Tmut           #.....       99%         1    ##.....
 Confusing Touch          Hex            #.....       99%         1    ##.....
 Magic Dart               Conj           #...         99%         1    ##.....
 Summon Small Mammal      Summ           #...         99%         1    ##.....
 Searing Ray              Conj           #.....       99%         2    ###....
 Sticks to Snakes         Tmut           #.......     99%         2    ###....
 Confuse                  Hex            #.......     100%        3    ####...
 Dazzling Spray           Conj/Hex       #.....       100%        3    ####...
 Gell's Gravitas          Tloc           #.........   100%        3    ####...
 Spider Form              Tmut/Pois      #.........   100%        3    ####...
 Force Lance              Conj/Tloc      #.......     100%        4    #####..
 Fulminant Prism          Conj/Hex       #.........   100%        4    #####..
 Ice Form                 Ice/Tmut       #.......     100%        4    #####..
 Iskenderun's Mystic Bla  Conj           #.......     100%        4    #####..
 Petrify                  Tmut/Erth      #.......     100%        4    #####..
 Blade Hands              Tmut           #.........   100%        5    ######.
 Metabolic Englaciation   Hex/Ice        #.........   100%        5    ######.
 Yara's Violent Unravell  Hex/Tmut       #.........   100%        5    ######.


Dungeon Overview and Level Annotations

Branches:
Dungeon (8/15)             Temple (0/1) D:5         Ossuary (visited)
   Lair: D:8-11

Altars:
Cheibriados
Gozag
Kikubaaqudgha
Makhleb
Okawaru
Qazlal
Sif Muna
Trog
Xom

Shops:
D:5 *

Annotations:
D:3 3 runed translucent doors, DungeonDestroyer's ghost, amateur GnFi
D:8 Joseph


Message History

You are too injured to fight recklessly!
You are too injured to fight recklessly!
You are too injured to fight recklessly!
You gain the combat prowess of a mighty hero.
You block the two-headed ogre's attack.
The two-headed ogre hits you but does no damage.
You slash the two-headed ogre!
The two-headed ogre is lightly wounded.
You slash the two-headed ogre!
The two-headed ogre is moderately wounded.
You block the two-headed ogre's attack.
The two-headed ogre hits you with a +0 giant club!
Your chain mail prevents you from hitting the two-headed ogre.
The two-headed ogre is moderately wounded.
You slice the two-headed ogre!!
The two-headed ogre is severely wounded.
The two-headed ogre hits you with a +0 giant spiked club!!
* * * LOW HITPOINT WARNING * * *
The two-headed ogre hits you with a +0 giant club.
You die...

###### #..... .
##.... .. #.... ..#
#...# ....
#...##........@.. .
##.............>.....
#...@O...............
#......#.............
#.#....# ..........
#.#....# ....... ..
#.#....# .......##.
#.#....# ..........
#.###### #.....###(
#.##########.... #.
#.#.............. #.


You could see a two-headed ogre.

Vanquished Creatures
  A two-headed ogre (D:7)
  2 hippogriffs (D:7)
  Edmund (D:6)
  4 ice beasts
  2 orc warriors
  6 ogres
  A phantom (D:5)
  A centaur (D:5)
  A crocodile (D:7)
  2 big kobolds (D:8)
  2 bullfrogs
  2 scorpions
  6 killer bees (D:7)
  3 howler monkeys (D:7)
  3 wights (D:6)
  A bullfrog zombie (D:6)
  A crimson imp (D:8)
  5 hounds
  2 orc priests
  An iron imp (D:6)
  2 centaur skeletons
  3 iguanas
  8 orc wizards
  5 worker ants
  10 big kobold zombies (Ossuary)
  A mummy (Ossuary)
  2 worker ant zombies (D:6)
  7 adders
  2 river rats (D:3)
  A shadow imp (D:5)
  3 oozes
  An adder skeleton (D:5)
  5 worms
  4 dart slugs
  3 leopard geckos
  27 orcs
  A spectral bat (Ossuary)
  2 bats
  2 giant cockroaches
  8 goblins
  6 hobgoblins
  4 jackals
  4 quokkas
  2 bat simulacra (Ossuary)
  A frilled lizard (D:3)
  2 gnoll zombies (Ossuary)
  2 goblin simulacra (Ossuary)
  2 goblin zombies (Ossuary)
  5 hobgoblin zombies (Ossuary)
  19 kobolds
  8 kobold zombies (Ossuary)
  3 orc zombies (Ossuary)
  7 rats
  3 spectral goblins (Ossuary)
  7 spectral kobolds (Ossuary)
  4 spectral rats (Ossuary)
223 creatures vanquished.

Vanquished Creatures (others)
  A goblin simulacrum (Ossuary)
  A kobold simulacrum (Ossuary)
  3 rat simulacra (Ossuary)
  A fungus (D:3)
  3 plants (D:3)
9 creatures vanquished.

Grand Total: 232 creatures vanquished

Notes
Turn   | Place    | Note
-------+----------+-------------------------------------------
     0 | D:1      | Elellon the Hill Orc Fighter began the quest for the Orb.
     0 | D:1      | Reached XP level 1. HP: 19/19 MP: 1/1
    72 | D:1      | Reached skill level 3 in Axes
   163 | D:1      | Reached XP level 2. HP: 26/26 MP: 2/2
   452 | D:2      | Reached skill level 4 in Axes
   741 | D:2      | Reached XP level 3. HP: 27/31 MP: 3/3
   835 | D:2      | Reached skill level 5 in Axes
  1016 | D:2      | Found a bloodstained altar of Trog.
  1068 | D:3      | Reached XP level 4. HP: 23/39 MP: 4/4
  1211 | D:3      | Reached skill level 6 in Axes
  1381 | D:3      | Reached XP level 5. HP: 22/45 MP: 5/5
  1612 | D:3      | Found a runed translucent gate.
  1612 | D:3      | Found a runed translucent gate.
  1612 | D:3      | Found a runed translucent gate.
  1612 | D:3      | Noticed a big kobold
  1612 | D:3      | Noticed a big kobold
  1614 | D:3      | Noticed DungeonDestroyer's ghost (amateur GnFi)
  1743 | D:3      | Reached skill level 7 in Axes
  1943 | D:3      | Reached skill level 8 in Axes
  1943 | D:3      | Reached XP level 6. HP: 18/51 MP: 6/6
  2566 | D:4      | Reached skill level 9 in Axes
  2823 | D:4      | Found an iron altar of Okawaru.
  2835 | D:4      | Became a worshipper of Warmaster Okawaru
  2925 | D:4      | Reached XP level 7. HP: 55/57 MP: 7/7
  3044 | D:4      | Found an opulent altar of Gozag.
  3130 | D:4      | Found an ancient bone altar of Kikubaaqudgha.
  3290 | D:4      | Reached skill level 10 in Axes
  3642 | D:5      | Entered Level 5 of the Dungeon
  4264 | D:5      | Reached skill level 11 in Axes
  4349 | D:5      | Found a staircase to the Ecumenical Temple.
  4386 | D:5      | Reached XP level 8. HP: 51/64 MP: 8/8
  4600 | D:5      | Reached * piety under Okawaru
  4659 | D:5      | Reached skill level 12 in Axes
  4772 | D:5      | Found Ydghyq's Assorted Antiques.
  4969 | D:5      | Found a burning altar of Makhleb.
  5181 | D:6      | Found a shimmering altar of Xom.
  5318 | D:6      | Reached skill level 13 in Axes
  5387 | D:6      | Reached ** piety under Okawaru
  5435 | D:6      | Found a sand-covered staircase.
  5443 | Ossuary  | Entered an ossuary
  5703 | Ossuary  | Reached XP level 9. HP: 71/71 MP: 9/9
  5890 | Ossuary  | Reached skill level 14 in Axes
  6045 | D:6      | Found a shimmering altar of Xom.
  6045 | D:6      | Found a shimmering altar of Xom.
  6046 | D:6      | Found a shimmering altar of Xom.
  6412 | D:6      | Found a snail-covered altar of Cheibriados.
  6412 | D:6      | Noticed Edmund
  6426 | D:6      | Killed Edmund
  6627 | D:6      | Found a shimmering blue altar of Sif Muna.
  7288 | D:7      | Reached *** piety under Okawaru
  7319 | D:7      | Found a stormy altar of Qazlal.
  7443 | D:7      | Reached skill level 5 in Fighting
  7853 | D:7      | Reached skill level 15 in Axes
  7853 | D:7      | Reached skill level 5 in Armour
  7853 | D:7      | Reached skill level 5 in Shields
  7930 | D:7      | Reached XP level 10. HP: 63/83 MP: 10/10
  8281 | D:8      | Noticed Joseph
  8283 | D:8      | Noticed a two-headed ogre
  8550 | D:8      | Noticed a two-headed ogre
  8867 | D:7      | Killed a two-headed ogre
  8867 | D:7      | Reached **** piety under Okawaru
  9284 | D:8      | Found a bloodstained altar of Trog.
  9375 | D:8      | HP: 3/84 [two-headed ogre/+0 giant spiked club (28)]
  9375 | D:8      | Slain by a two-headed ogre

Levels and vault maps discovered:
D:1:      scummos_arrival_hexagon, layout_loops_ring, minmay_cut_off
D:2:      layout_rooms, lemuel_doored_altar, minivault_26
D:3:      layout_loops_ring, gammafunk_ghost_nasty_kobolds,
          lightli_sewer_entry_pipes
D:4:      corexii_shack_village, layout_loops_ring, lemuel_round_altar,
          old_standard_altar, kennysheep_mini_moat
D:5:      layout_loops_cross, lightli_temple_of_fire,
          minmay_temple_entry_offerings, serial_shops, shop, first_ration,
          minivault_25
D:6:      layout_loops_ring, led_sif_book, slow_altar_2,
          nicolae_ossuary_entry_ruins, xom_redecorated, uniq_edmund
D:7:      layout_cave_pods, nicolae_qazlal_style_of_elements, grunt_ogre_cave
D:8:      layout_basic, kennysheep_mini, bloody_trog, uniq_joseph

Skill      XL: |  1  2  3  4  5  6  7  8  9 10 |
---------------+-------------------------------+-----
Axes           | 3 4 5 6 8 9 11 13 15 | 15.6
Fighting       | 5 6 |  6.5
Armour         | 5 |  5.9
Shields        | 5 |  5.9

Action                   |  1- 3 |  4- 6 |  7- 9 | 10-12 || total
-------------------------+-------+-------+-------+-------++-------
Melee: War axe           |    73 |   206 |   519 |   106 ||   904
Invok: Heroism           |       |       |     1 |     3 ||     4
  Use: Potion            |       |       |     1 |       ||     1
       Scroll            |       |       |       |     5 ||     5
  Eat: Chunk             |       |     6 |     7 |     3 ||    16
       Ration            |       |       |     3 |     1 ||     4
Armor: Scale mail        |    30 |    51 |       |       ||    81
       Chain mail        |       |    25 |   191 |    40 ||   256
Dodge: Dodged            |    22 |    45 |    86 |    26 ||   179
Block: Shield            |    40 |    92 |   191 |    44 ||   367
